 Dungeon Crawl Stone Soup version 0.23.2 (webtiles) character file.

Game seed: 1178498755726752724

37 Blynxz the Cudgeler (level 3, -2/36 HPs)
             Began as a Troll Berserker on Apr 11, 2019.
             Was a Believer of Trog.
             Slain by OvaltineJones's ghost (11 damage)
             ... on level 3 of the Dungeon.
             The game lasted 00:13:54 (902 turns).

Blynxz the Cudgeler (Troll Berserker)                Turns: 902, Time: 00:13:55

Health: -2/36      AC:  6    Str: 26    XL:     3   Next: 21%
Magic:  0/2        EV: 10    Int:  3    God:    Trog [**....]
Gold:   98         SH:  0    Dex:  9    Spells: 2/2 levels left

rFire    . . .     SeeInvis .   w - +0 hand axe
rCold    . . .     Gourm    +   (no shield)
rNeg     . . .     Faith    .   p - +0 robe
rPois    .         Spirit   +   (helmet restricted)
rElec    .         Reflect  .   (no cloak)
rCorr    .         Harm     .   (gloves unavailable)
MR       .....                  (boots unavailable)
Stlth    +.........             q - amulet of guardian spirit
HPRegen  0.52/turn              (no ring)
MPRegen  0.08/turn              (no ring)

@: lightly drained
A: large, unfitting armour, claws 3, fast metabolism 3, gourmand, regeneration
1, shaggy fur 1, tough skin 3
a: Berserk, Trog's Hand, Renounce Religion


You were on level 3 of the Dungeon.
You worshipped Trog.
Trog was pleased with you.
You were not hungry.

You visited 1 branch of the dungeon, and saw 3 of its levels.

You collected 98 gold pieces.

Inventory:

Hand Weapons
 a - a +0 mace
 d - a +0 club
 e - a +0 club
 f - a +0 club
 h - a +0 club
 i - a +0 dagger
 k - a +0 short sword
 m - a +0 dagger of draining
 s - a +0 mace
 t - a +0 mace
 w - a +0 hand axe (weapon)
 y - a +0 short sword
 z - a +0 whip
Missiles
 g - 13 poisoned needles
 j - 24 stones (quivered)
Armour
 b - a +0 animal skin
 n - a +0 helmet
 p - a +0 robe (worn)
 r - a +0 robe
 v - a +0 chain mail
Jewellery
 q - an amulet of guardian spirit (around neck)
Scrolls
 u - a scroll of blinking {unknown}
 x - a scroll of remove curse {unknown}
Potions
 l - a potion of ambrosia {unknown}
 o - a potion of flight {unknown}
Comestibles
 c - 4 rations


   Skills:
 + Level 2.8(2.7) Fighting
 + Level 3.2(3.1) Maces & Flails
 + Level 2.8 Dodging


You had 2 spell levels left.
You didn't know any spells.
Your spell library was empty.

Dungeon Overview and Level Annotations

Branches:
Dungeon (3/15)

Altars:
Ashenzari

Annotations:
D:3 OvaltineJones's ghost, amateur DrGl


Innate Abilities, Weirdness & Mutations

You are too large for most types of armour.
You have claws for hands.
Your metabolism is lightning-fast.
You like to eat raw meat.
Your natural rate of healing is unusually fast.
You are covered in fur. (AC +1)
You have extremely tough skin. (AC +3)


Message History

You completely miss the orc. You slash OvaltineJones's ghost!
OvaltineJones's ghost hits you. The orc hits you with a +0 mace.
OvaltineJones's ghost barely misses you.
You barely miss the orc.
You hit OvaltineJones's ghost but do no damage.
You hit the hobgoblin. The orc hits you with a +0 mace.
The hobgoblin barely misses you.
OvaltineJones's ghost hits you but does no damage.
The hobgoblin hits you but does no damage.
You barely miss the hobgoblin.
The hobgoblin is moderately wounded.
You hit the hobgoblin.
You kill the hobgoblin!
Trog accepts your kill.
You hit OvaltineJones's ghost but do no damage.
You barely miss the orc. The hobgoblin hits you with a +0 club.
The orc hits you with a +0 mace.
* * * LOW HITPOINT WARNING * * *
OvaltineJones's ghost hits you!
You die...

#...........# #.#
#...........# #.#
#.#########.# #.#
#.#....$..#.# #.#
.####.#..###..#.#
#.#
$.....#.$###..'.##
#.#
.####.#.?.....'..#
#.#..###..'Wr#######
#.#..###..#o@g......
#.#.......#.##.#####
#.#########.##.####
#.................#
#####.##..##.#.##.#
#.#..........
o..............
........#.####.#
..#........# #


You could see OvaltineJones's ghost, an orc, a quokka and a hobgoblin.

Vanquished Creatures
  2 dart slugs (D:1)
  2 leopard geckos (D:1)
  2 giant cockroaches (D:1)
  3 goblins
  6 hobgoblins
  A quokka (D:2)
  4 bats
  A frilled lizard (D:3)
  6 kobolds
  2 rats (D:1)
29 creatures vanquished.

Notes
Turn   | Place    | Note
-------+----------+-------------------------------------------
     0 | D:1      | Blynxz the Troll Berserker began the quest for the Orb.
     0 | D:1      | Reached XP level 1. HP: 22/22 MP: 0/0
   117 | D:1      | Reached XP level 2. HP: 10/29 MP: 1/1
   248 | D:1      | Reached skill level 3 in Maces & Flails
   368 | D:1      | Found a shattered altar of Ashenzari.
   602 | D:1      | Reached ** piety under Trog
   728 | D:2      | Reached XP level 3. HP: 27/36 MP: 2/2
   855 | D:3      | Found a runed translucent gate.
   856 | D:3      | Found a runed translucent gate.
   858 | D:3      | Found a runed translucent gate.
   872 | D:3      | Noticed OvaltineJones's ghost (amateur DrGl)
   902 | D:3      | Slain by OvaltineJones's ghost

Skill      XL: |  1  2 |
---------------+-------+-----
Maces & Flails | 3 |  3.2
Fighting       | |  2.8
Dodging        | |  2.8

Action                   || total
-------------------------++-------
Melee: Mace              ||    48
       Hand axe          ||    45
       Dagger            ||     9
       Short sword       ||     5
  Eat: Ration            ||     1
       Chunk             ||     2
Armor: Animal skin       ||    14
       Robe              ||    32
Dodge: Dodged            ||    92
